 Dungeon Crawl Stone Soup version 0.28-a0-224-g76b539d98b (webtiles) character file.

Game seed: 9190064611074383756

1325 freelancePsychic the Magician (level 8, -5/48 HPs)
             Began as a Deep Elf Ice Elementalist on Aug 21, 2021.
             Killed by nerve-wracking pain
             ... invoked by Menkaure
              (13 damage)
             ... on level 4 of the Dungeon.
             The game lasted 00:14:15 (8658 turns).

freelancePsychic the Magician (DEIE)                Turns: 8658, Time: 00:14:16

Health: -5/48      AC: 12    Str:  7    XL:     8   Next: 34%
Magic:  18/20      EV: 12    Int: 21    God:
Gold:   354        SH:  0    Dex: 15    Spells: 9/20 levels left

rFire   . . .      SeeInvis .   h - +2 dagger (holy)
rCold   . . .      Faith    .   (no shield)
rNeg    . . .      Spirit   .   p - +2 acid dragon scales
rPois   .          Reflect  .   (no helmet)
rElec   .          Harm     .   (no cloak)
rCorr   +          Rampage  .   (no gloves)
Will    +....                   (no boots)
Stlth   ++........              (no amulet)
HPRegen 0.16/turn               c - ring of willpower
MPRegen 0.17/turn               f - ring of wizardry

@: ice-armoured
A: no striking features
a: no special abilities


You were on level 4 of the Dungeon.
You visited 1 branch of the dungeon, and saw 6 of its levels.

You collected 354 gold pieces.

Inventory:

Hand Weapons
 h - a +2 dagger of holy wrath (weapon)
 k - a +0 dagger of venom
Armour
 a - a +0 robe
 p - +2 acid dragon scales (worn)
Magical Staves
 e - a staff of death
Jewellery
 c - a ring of willpower (left hand)
 f - a ring of wizardry (right hand)
Wands
 o - a wand of mindburst (11)
 r - a wand of flame (14)
Scrolls
 j - a scroll of enchant weapon
 l - a scroll of blinking
 s - 2 scrolls of enchant armour
 v - a scroll of magic mapping
 w - a scroll of fog {unknown}
 y - a scroll of fear {unknown}
Potions
 b - 2 potions of flight
 d - a potion of degeneration {unknown}
 g - a potion of lignification {unknown}
 i - a potion of cancellation
 m - a potion of brilliance {unknown}
 n - 4 potions of might {unknown}
 q - a potion of curing {unknown}
 t - a potion of invisibility {unknown}
 u - a potion of attraction {unknown}


   Skills:
 + Level 4.4 Fighting
 - Level 3.0 Short Blades
 - Level 4.9 Dodging
 + Level 2.4 Stealth
 + Level 6.9 Spellcasting
 - Level 4.8 Ice Magic
 - Level 4.9 Poison Magic


You had 9 spell levels left.
You knew the following spells:

 Your Spells              Type           Power      Damage    Failure   Level
a - Freeze                Ice            100%       1d11      1%          1
b - Frozen Ramparts       Ice            54%        1d7       2%          3
c - Ozocubu's Armour      Ice            27%        N/A       2%          3
d - Olgreb's Toxic Radia  Pois           27%        N/A       9%          4

Your spell library contained the following spells:

 Spells                   Type           Power      Damage    Failure   Level
 Sting                    Tmut/Pois      68%        1d6       2%          1
 Ensorcelled Hibernation  Hex/Ice        34%        N/A       4%          2
 Poisonous Vapours        Pois/Air       34%        N/A       4%          2
 Spider Form              Tmut/Pois      8%         N/A       8%          3
 Hailstorm                Conj/Ice       17%        3d6       24%         4
 Shadow Creatures         Summ           N/A        N/A       100%        6


Dungeon Overview and Level Annotations

Branches:
Dungeon (6/15)
 Temple: D:4-7

Altars:
Nemelex Xobeh
Qazlal

Annotations:
D:3 3 runed translucent doors, exclusion: downstairs, Atlas's ghost, amateur DrTm
D:4 Eustachio; Menkaure
D:5 exclusion: ice beast


Message History

As you read the scroll of teleportation {@r4}, it crumbles to dust.
You feel strangely unstable.
Your surroundings suddenly seem different.
You start resting.
HP restored.
Menkaure is nearby!
Menkaure shouts!
Your +2 dagger of holy wrath softly glows with a divine radiance!
h - a +2 dagger of holy wrath (weapon)
It was a potion of cancellation.
You feel magically purged.
You hit Menkaure.
Menkaure convulses.
Menkaure is moderately damaged.
Menkaure hits you.
You hit Menkaure.
Menkaure convulses.
Menkaure is heavily damaged.
Casting: Ozocubu's Armour (dangerous; 2% risk of failure)
Confirm with . or Enter, or press ? or * to list all spells.
A film of ice covers your body! Menkaure hits you!
You hit Menkaure.
Menkaure convulses.
Menkaure is heavily damaged.
Menkaure barely misses you.
You hit Menkaure but do no damage.
Menkaure is heavily damaged.
Menkaure hits you!!
You barely miss Menkaure.
Menkaure is heavily damaged.
You hit Menkaure.
Menkaure convulses.
Menkaure is severely damaged.
Menkaure hits you!
* * * LOW HITPOINT WARNING * * *
You hit Menkaure.
Menkaure convulses.
Menkaure is almost destroyed.
Menkaure misses you.
You barely miss Menkaure.
Menkaure is almost destroyed.
You hit Menkaure but do no damage.
Menkaure is almost destroyed.
Menkaure gestures at you while chanting.
Pain shoots through your body!
You die...

###### #..###.# #.##.#
##########.##..########.##.#
#..........>............##.###
##.#######..#.########.......#
#.#....................#########
#.#..........###.##............#
#.#######....###.####.#######.##
#..M...##..............# #.#
######.##..#.#M@.......# #.#
#.##..#M#.#.#####.# #.#
#.##..........###.######(#
#.#......................#
#.###.#.#.##..###.######.# #M#
#.#.#.#............#.# #.#
#.#.#.#..........### #.# #.#
#.#.#.###.#..# #.# #.#
#.....#.#..###.#


You could see Menkaure.

Vanquished Creatures
  Maggie (D:6)
  Edmund (D:6)
  A necrophage (D:5)
  A phantom (D:4)
  A kobold brigand (D:5)
  3 scorpions
  A water moccasin skeleton (D:5)
  A howler monkey (D:5)
  An orc priest (D:4)
  A bullfrog zombie (D:6)
  3 hounds
  2 bullfrog skeletons (D:6)
  An orc wizard (D:5)
  2 iguanas (D:4)
  2 hound skeletons
  3 gnolls (D:6)
  An adder skeleton (D:4)
  2 worms
  2 dart slugs (D:2)
  11 orcs
  5 endoplasms
  5 giant cockroaches
  6 goblins
  11 hobgoblins
  A quokka (D:1)
  5 ball pythons
  5 bats
  6 frilled lizards
  14 kobolds
  6 rats
105 creatures vanquished.

Notes
Turn   | Place    | Note
-------+----------+-------------------------------------------
     0 | D:1      | freelancePsychic the Deep Elf Ice Elementalist began the
                  | quest for the Orb.
     0 | D:1      | Reached XP level 1. HP: 10/10 MP: 6/6
   598 | D:1      | Reached XP level 2. HP: 16/16 MP: 6/8
   649 | D:1      | Found a faded altar of an unknown god.
  1231 | D:2      | Reached skill level 1 in Fighting
  1369 | D:2      | Found a sparkling altar of Nemelex Xobeh.
  1434 | D:2      | You fall into a shaft and drop 1 floor!
  1688 | D:2      | Reached XP level 3. HP: 17/20 MP: 8/10
  1696 | D:2      | Learned a level 3 spell: Frozen Ramparts
  2283 | D:2      | Learned a level 3 spell: Ozocubu's Armour
  2632 | D:3      | Found a runed translucent gate.
  2632 | D:3      | Found a runed translucent gate.
  2632 | D:3      | Found a runed translucent gate.
  2641 | D:3      | Reached skill level 4 in Spellcasting
  2768 | D:3      | Noticed Atlas's ghost (amateur DrTm)
  3478 | D:4      | Reached skill level 1 in Poison Magic
  3478 | D:4      | Reached XP level 4. HP: 25/25 MP: 2/12
  3556 | D:4      | Noticed Menkaure
  4442 | D:4      | Learned a level 4 spell: Olgreb's Toxic Radiance
  4495 | D:5      | Entered Level 5 of the Dungeon
  4684 | D:4      | Reached XP level 5. HP: 15/30 MP: 6/13
  4842 | D:4      | Noticed Eustachio
  4842 | D:4      | Noticed a phantom
  4978 | D:5      | Found a stormy altar of Qazlal.
  5476 | D:5      | Noticed an ice beast
  5844 | D:5      | Found a sparkling altar of Nemelex Xobeh.
  5905 | D:5      | Reached XP level 6. HP: 27/37 MP: 11/14
  6850 | D:6      | Reached XP level 7. HP: 33/42 MP: 4/15
  7428 | D:6      | Noticed Edmund
  7440 | D:6      | Killed Edmund
  7441 | D:6      | Reached skill level 1 in Short Blades
  7441 | D:6      | Reached skill level 5 in Spellcasting
  7688 | D:6      | Noticed Maggie
  7716 | D:6      | Killed Maggie
  7717 | D:6      | Reached skill level 6 in Spellcasting
  7717 | D:6      | Reached XP level 8. HP: 48/48 MP: 1/19
  8658 | D:4      | Killed from afar by Menkaure

Illustrated notes

Levels and vault maps discovered:
D:1:      matt_arrival_diagonals, layout_loops_ring, basic_ecumenical_altar,
          dk_noncrumbling_2, fountainhead
D:2:      layout_loops_ring, basic_altar
D:3:      layout_basic, gammafunk_ghost_icy
D:4:      minmay_skewed_foursquare, layout_basic,
          mainiacjoe_overflow_divided_tiny, minmay_cut_off, uniq_menkaure,
          uniq_eustachio
D:5:      cheibrodos_thug_alley, layout_layer_cave,
          mainiacjoe_overflow_surrounded_room, kennysheep_little_box,
          minmay_misc_feat_diagonals
D:6:      layout_loops_corners, st_stairs_8, uniq_edmund, uniq_maggie

Skill      XL: |  1  2  3  4  5  6  7  8 |
---------------+-------------------------+-----
Fighting       | 1 2 3 4 |  4.4
Spellcasting   | 4 6 |  6.9
Poison Magic   | 1 2 3 4 |  4.9
Dodging        | 4 |  4.9
Short Blades   | 3 |  3.0
Stealth        | |  2.4
Ice Magic      | |  4.8

Action                   |  1- 3 |  4- 6 |  7- 9 || total
-------------------------+-------+-------+-------++-------
Melee: Staff             |       |    24 |       ||    24
       Dagger            |       |    32 |   100 ||   132
 Cast: Freeze            |    70 |     8 |       ||    78
       Frozen Ramparts   |     5 |    15 |     6 ||    26
       Ozocubu's Armour  |       |     9 |     9 ||    18
       Olgreb's Toxic Ra |       |     1 |    10 ||    11
  Use: Scroll            |     5 |     3 |     3 ||    11
       Potion            |       |       |     1 ||     1
 Stab: Sleeping          |       |       |     2 ||     2
Armor: Robe              |     7 |    16 |     3 ||    26
       Acid dragon scale |       |       |    25 ||    25
Dodge: Dodged            |    24 |    36 |    38 ||    98

Table legend: (Time is in decaauts)
 A = Elapsed time spent in this place.
 B = Non-inter-level travel time spent in this place.
 C = Inter-level travel time spent in this place.
 D = Time resting spent in this place.
 E = Time spent auto-exploring this place.
 F = Levels seen in this place.
 G = Mean time per level.
                   A        B        C        D        E       F      G
               +--------+--------+--------+--------+--------+-----+--------+
         Total |   8664 |   8350 |    314 |   1369 |   5811 |   6 | 1444.0 |
       Dungeon |   8664 |   8350 |    314 |   1369 |   5811 |   6 | 1444.0 |
               +--------+--------+--------+--------+--------+-----+--------+

Top non-repeatable levels by time:
     D:5: 2143 daAuts
     D:4: 1419 daAuts
     D:1: 1409 daAuts
     D:3: 1390 daAuts
     D:6: 1231 daAuts
     D:2: 1071 daAuts
